[Event "Titled Tuesday Blitz October 11 Late 2022"]
[White "Eisa Mohmood, Alkhoori"]
[Black "Ovezdurdyyeva, Jemal"]
[WhiteFideId "9316116"]
[BlackFideId "14001888"]
[WhiteElo "1245"]
[BlackElo "1961"]
[Result "1-0"]
[Round "10"]
[TimeControl "180+1"]
[Date "2022.10.12"]
[WhiteClock "0:01:02"]
[BlackClock "0:00:51"]

1. Nf3 Nf6 2. Ng1 e6 3. Nf3 d5 4. Ng1 Bd6 5. Nf3 c5 6. Ng1 Nc6 7. Nf3 O-O 8. e3 e5 9. d4 cxd4 10. exd4 e4 11. Nh4 Ng4 12. g3 Qf6 13. Be3 Nxe3 14. fxe3 Qg5 15. Qd2 Bg4 16. Be2 Rac8 17. a3 Ne7 18. Nc3 a6 19. Bxg4 Qxg4 20. Qe2 Qh3 21. Qg2 Qe6 22. Qe2 Nc6 23. O-O Na5 24. Nf5 Nc4 25. Qg4 g6 26. Nh6+ Kg7 27. Rxf7+ Qxf7 28. Nxf7 Rxf7 29. Qxc8 1-0


[Site "https://www.chess.com"]

[Event "Titled Tuesday Blitz October 11 Late 2022"]
[White "Erdogdu, Mert"]
[Black "Barria Zuniga, Daniel"]
[WhiteFideId "6301495"]
[BlackFideId "3400816"]
[WhiteElo "2413"]
[BlackElo "2414"]
[Result "0-1"]
[Round "10"]
[TimeControl "180+1"]
[Date "2022.10.11"]
[WhiteClock "0:01:55"]
[BlackClock "0:01:56"]

1. e4 c5 2. Nf3 Nc6 3. d4 cxd4 4. Nxd4 Nf6 5. Nc3 e6 6. Ndb5 a6 7. Nd6+ Bxd6 8. Qxd6 b5 9. Bd3 Qe7 10. Bf4 Nh5 11. Qxe7+ Kxe7 12. Be3 d6 13. O-O-O Bb7 14. f3 Rac8 15. Kb1 Ne5 16. Be2 Nc4 17. Bc1 Nf6 18. b3 Ne5 19. Ba3 Rhd8 20. Kb2 Nc6 21. Bxb5 axb5 22. Nxb5 Ne8 0-1


[Site "https://www.chess.com"]

[Event "Titled Tuesday Blitz October 11 Late 2022"]
[White "Floresvillar Gonzalez, Luis Migu"]
[Black "Leschinsky, Gary"]
[WhiteFideId "5100542"]
[BlackFideId "30951321"]
[WhiteElo "2040"]
[BlackElo "1855"]
[Result "0-1"]
[Round "10"]
[TimeControl "180+1"]
[Date "2022.10.12"]
[WhiteClock "0:00:01"]
[BlackClock "0:00:21"]

1. e4 c5 2. d4 cxd4 3. c3 dxc3 4. Nxc3 d6 5. Bc4 e6 6. Nf3 Be7 7. Qe2 Nf6 8. e5 dxe5 9. Nxe5 O-O 10. O-O Nbd7 11. Rd1 Qe8 12. Nxf7 Rxf7 13. Bxe6 Nf8 14. Bxf7+ Qxf7 15. Bg5 Be6 16. Re1 h6 17. Bh4 Re8 18. Rad1 a6 19. Qf3 Bg4 20. Qxb7 Bxd1 21. Rxd1 Qh5 22. Bg3 a5 23. h3 Bb4 24. Rd4 Bxc3 25. bxc3 Qc5 26. Qb3+ Kh8 27. Rf4 Ne6 28. Rf3 Rd8 29. Qxe6 Rd1+ 30. Kh2 Qd5 31. Qxd5 Rxd5 32. Re3 Kh7 33. Re5 Rd3 34. Rxa5 Rxc3 35. Be5 Rc2 36. Bxf6 gxf6 37. f3 Kg6 38. Kg3 h5 39. h4 Rb2 40. a4 Ra2 41. Kh3 Kh6 42. f4 Kg6 43. f5+ Kh6 44. Ra6 Kg7 45. Ra7+ Kh6 46. a5 Ra3+ 47. Kh2 Ra4 48. Kh3 Ra3+ 49. Kh2 Ra4 50. g3 Ra2+ 51. Kg1 Rb2 52. Ra6 Kg7 53. Kf1 Rb5 54. Ra8 Rxf5+ 55. Kg2 Rb5 56. a6 Ra5 57. a7 Kh7 58. Kf3 Kg7 59. Kf4 Ra4+ 60. Kf5 Ra5+ 61. Ke6 Ra1 62. Ke7 Re1+ 63. Kd6 Rd1+ 64. Ke6 Re1+ 65. Kf5 Rf1+ 66. Ke4 Re1+ 67. Kf3 Rf1+ 68. Ke2 Ra1 69. Kf3 Ra4 70. Ke3 Kh7 71. Kf3 Kg7 72. Ke3 f5 73. Kf3 Kh7 74. Ke3 Ra3+ 75. Kf4 Ra5 76. Kg5 Kg7 77. Kxh5 f4+ 78. Kg4 fxg3 79. Kxg3 Ra4 80. Kh3 Kh7 81. h5 Kg7 82. Kg3 Kh7 83. Kf3 Ra5 84. Kf4 Kg7 85. Kg4 Kh7 0-1


[Site "https://www.chess.com"]

[Event "Titled Tuesday Blitz October 11 Late 2022"]
[White "Girel, Joseph"]
[Black "Indjic, Aleksandar"]
[WhiteFideId "36033561"]
[BlackFideId "911925"]
[WhiteElo "2281"]
[BlackElo "2592"]
[Result "0-1"]
[Round "10"]
[TimeControl "180+1"]
[Date "2022.10.11"]
[WhiteClock "0:00:07"]
[BlackClock "0:02:30"]

1. d4 Nf6 2. c4 e6 3. Nf3 c5 4. d5 d6 5. Nc3 exd5 6. cxd5 g6 7. Bf4 Bg7 8. Qa4+ Bd7 9. Qb3 O-O 10. Qxb7 Qa5 11. Bxd6 Ne4 12. Be5 Bxe5 13. Nxe5 Nxc3 14. Nc4 Qb5 15. Qxa8 Ne4 16. e3 Qb4+ 17. Kd1 Nxf2+ 18. Kc2 Bf5+ 0-1


[Site "https://www.chess.com"]

[Event "Titled Tuesday Blitz October 11 Late 2022"]
[White "Grinev, Valeriy"]
[Black "Besedes, Danilo"]
[WhiteFideId "14117517"]
[BlackFideId "946796"]
[WhiteElo "2365"]
[BlackElo "2352"]
[Result "1-0"]
[Round "10"]
[TimeControl "180+1"]
[Date "2022.10.11"]
[WhiteClock "0:00:20"]
[BlackClock "0:00:02"]

1. c4 e6 2. Nf3 Nf6 3. g3 d5 4. Bg2 Be7 5. O-O O-O 6. d4 c6 7. Qc2 Nbd7 8. Nbd2 b6 9. e4 dxe4 10. Nxe4 Bb7 11. b3 c5 12. Nxf6+ Nxf6 13. dxc5 Bxc5 14. Bb2 Qc7 15. Be5 Bd6 16. Bxf6 gxf6 17. Rad1 Rad8 18. Nd4 Bxg2 19. Kxg2 a6 20. Qe4 f5 21. Qf3 Bc5 22. Ne2 Rxd1 23. Rxd1 Rd8 24. Rxd8+ Qxd8 25. Nf4 Kg7 26. Qb7 Qd6 27. h4 a5 28. h5 h6 29. Qf3 Qd2 30. a4 Kg8 31. Nd3 Bd4 32. g4 Qg5 33. Kh3 Bf6 34. gxf5 exf5 35. Qg3 Kf8 36. Qf3 Qh4+ 37. Kg2 Qg5+ 38. Kf1 Bd4 39. Nf4 Qh4 40. Nd5 Qg5 41. Qf4 Qxf4 42. Nxf4 Ke7 43. Ke2 Kf6 44. Nh3 Ke5 45. Kd3 Bc5 46. f4+ Ke6 47. Ke2 1-0


[Site "https://www.chess.com"]

[Event "Titled Tuesday Blitz October 11 Late 2022"]
[White "Gubajdullin, Alexei"]
[Black "Girsh, Daniel"]
[WhiteFideId "4141202"]
[BlackFideId "30949190"]
[WhiteElo "2613"]
[BlackElo "2464"]
[Result "1/2-1/2"]
[Round "10"]
[TimeControl "180+1"]
[Date "2022.10.12"]
[WhiteClock "0:00:07"]
[BlackClock "0:00:13"]

1. d4 Nf6 2. Nf3 g6 3. Bf4 Bg7 4. e3 O-O 5. Be2 d6 6. O-O Nbd7 7. h3 c5 8. c3 a6 9. a4 b6 10. Qb3 Bb7 11. Rd1 Qc7 12. d5 Rac8 13. c4 Rb8 14. Nc3 Ba8 15. e4 Nh5 16. Bh2 Bb7 17. Re1 Rbe8 18. Rad1 Bh6 19. Bf1 Bf4 20. g3 Be5 21. Nxe5 dxe5 22. Be2 Ng7 23. Bg4 f5 24. exf5 gxf5 25. Be2 f4 26. Bd3 Kh8 27. Qc2 Nf6 28. Ne4 Ngh5 29. g4 Nxe4 30. Bxe4 Nf6 31. g5 Nxe4 32. Qxe4 e6 33. Qxe5+ Qxe5 34. Rxe5 exd5 35. Rxe8 Rxe8 36. cxd5 Re5 37. d6 Rxg5+ 38. Kf1 Bg2+ 39. Ke2 Re5+ 40. Kd2 Bf3 41. Rg1 Rd5+ 42. Kc3 Rd4 43. b4 Rxd6 44. Bxf4 cxb4+ 45. Kc4 Be2+ 46. Kb3 Rd3+ 47. Kb2 Rd5 48. Bc7 Bh5 49. f4 Bg6 50. Bxb6 a5 51. Kb3 Kg7 52. Kc4 Rf5 53. Bd4+ Kf7 54. Be5 Ke6 55. Kb5 Rh5 56. Rg3 Bf5 57. Kxa5 Rxh3 58. Rxh3 Bxh3 59. Kxb4 Bf1 60. Kc5 h5 61. Bd4 Kf5 62. Bf2 Kxf4 63. a5 Kf3 64. Be1 Kg4 65. Kb6 h4 66. Bxh4 Kxh4 67. a6 Bxa6 1/2-1/2


[Site "https://www.chess.com"]

[Event "Titled Tuesday Blitz October 11 Late 2022"]
[White "Har-Zvi, Ronen"]
[Black "Gonzalez, Francisco Silva"]
[WhiteFideId "2801485"]
[BlackFideId "1512285"]
[WhiteElo "2523"]
[BlackElo "2159"]
[Result "1-0"]
[Round "10"]
[TimeControl "180+1"]
[Date "2022.10.12"]
[WhiteClock "0:01:47"]
[BlackClock "0:00:47"]

1. Nf3 d5 2. c4 e6 3. d4 a6 4. Nc3 Nf6 5. cxd5 exd5 6. Bg5 Be6 7. Qb3 Nbd7 8. e3 Bd6 9. Bd3 O-O 10. Qxb7 Rb8 11. Qxa6 Rxb2 12. O-O Qe7 13. Nb5 Nb8 14. Qa7 Nc6 15. Qa4 Rb4 16. Qc2 Na5 17. Bxh7+ Nxh7 18. Bxe7 Bxe7 19. Qxc7 Bd8 20. Qc5 Rc4 21. Qa3 Bd7 22. Nc3 Nf6 23. Ne5 Rxc3 24. Qxc3 Ne4 25. Qc2 Bf5 26. Rfc1 f6 27. Nc6 Ng3 28. Qd1 Nxc6 29. Rxc6 Ne4 30. Rac1 Ba5 31. Qb3 Rd8 32. h3 Kh7 33. a4 Bg6 34. Rc8 Rd7 35. Qb5 Ra7 36. Qb8 Bf5 37. Rh8+ Kg6 38. Qxa7 Bd2 39. Rc7 Bb4 40. Rxg7# 1-0


[Site "https://www.chess.com"]

[Event "Titled Tuesday Blitz October 11 Late 2022"]
[White "Hemam, Moulaye Brahim"]
[Black "Barash, Anton"]
[WhiteFideId "19600054"]
[BlackFideId "30935229"]
[WhiteElo "2088"]
[BlackElo "2279"]
[Result "0-1"]
[Round "10"]
[TimeControl "180+1"]
[Date "2022.10.12"]
[WhiteClock "0:00:04"]
[BlackClock "0:00:08"]

1. e4 e6 2. d4 d5 3. Nc3 Bb4 4. e5 c5 5. Bd2 Ne7 6. Nb5 Bxd2+ 7. Qxd2 O-O 8. f4 Bd7 9. Nf3 Bxb5 10. Bxb5 a6 11. Be2 cxd4 12. Nxd4 Nbc6 13. O-O-O Rc8 14. Kb1 Qb6 15. Nxc6 bxc6 16. Qd4 c5 17. Qa4 Rb8 18. b3 c4 19. Rhf1 Nf5 20. Rf3 Nd4 21. Re1 Nxf3 22. Bxf3 Rfc8 23. f5 cxb3 24. axb3 Qc5 25. Re2 exf5 26. Qd7 Rd8 27. Qxf5 a5 28. e6 fxe6 29. Qxe6+ Kh8 30. Qa6 Ra8 31. Qb7 a4 32. b4 Qg1+ 33. Ka2 a3 34. Bxd5 Qd4 35. c3 Qxd5+ 36. Qxd5 Rxd5 37. c4 Rd4 38. Rc2 Rc8 39. Kb3 Rd3+ 40. Ka4 a2 0-1


[Site "https://www.chess.com"]

[Event "Titled Tuesday Blitz October 11 Late 2022"]
[White "Holt, Conrad"]
[Black "Melkumyan, Hrant"]
[WhiteFideId "2034387"]
[BlackFideId "13302485"]
[WhiteElo "2592"]
[BlackElo "2604"]
[Result "1/2-1/2"]
[Round "10"]
[TimeControl "180+1"]
[Date "2022.10.11"]
[WhiteClock "0:00:09"]
[BlackClock "0:00:03"]

1. d4 Nf6 2. c4 g6 3. Nc3 Bg7 4. e4 d6 5. Nf3 O-O 6. h3 c5 7. d5 e6 8. Bd3 exd5 9. cxd5 Re8 10. O-O c4 11. Bc2 Nbd7 12. Re1 Nc5 13. Bf4 Qb6 14. Rb1 Bd7 15. e5 dxe5 16. Nxe5 Qa6 17. Qd4 Rac8 18. Qxc4 b5 19. Qb4 Qb7 20. Nxd7 Ncxd7 21. Rxe8+ Nxe8 22. a4 Rc4 23. Qe7 Rxf4 24. Qxe8+ Nf8 25. Qxb5 Qc7 26. g3 Rf6 27. Rd1 Rb6 28. d6 Rxd6 29. Rxd6 Qxd6 30. Bb3 Bd4 31. Kg2 Kg7 32. Qc4 Ne6 33. Nb5 Qd7 34. Nxd4 Nxd4 35. Qd5 Qxd5+ 36. Bxd5 a5 37. f4 Kf6 38. Kf2 Ke7 39. g4 f6 40. Ke3 Nc2+ 41. Kd3 Nb4+ 42. Kc4 Kd6 43. Be4 Na6 44. Kb5 Nc5 45. Bc2 Ne6 46. Kxa5 Nxf4 47. Kb6 Nd5+ 48. Kb7 Nb4 49. Bb1 Kc5 50. h4 Nc6 51. Bxg6 hxg6 52. h5 gxh5 53. gxh5 f5 54. h6 f4 55. a5 f3 56. h7 Nd8+ 57. Kb8 Nf7 58. a6 f2 59. a7 f1=Q 60. a8=Q Qf4+ 61. Ka7 Qa4+ 62. Kb8 Qe8+ 63. Ka7 Qa4+ 64. Kb8 Qf4+ 65. Ka7 Qa4+ 1/2-1/2


[Site "https://www.chess.com"]

[Event "Titled Tuesday Blitz October 11 Late 2022"]
[White "Ibadov, Dashgyn"]
[Black "Tayar, Jonathan"]
[WhiteFideId "24107514"]
[BlackFideId "2606534"]
[WhiteElo "2208"]
[BlackElo "2406"]
[Result "0-1"]
[Round "10"]
[TimeControl "180+1"]
[Date "2022.10.11"]
[WhiteClock "0:00:14"]
[BlackClock "0:00:49"]

1. e4 c5 2. Nf3 d6 3. d4 Nf6 4. Nc3 cxd4 5. Nxd4 a6 6. Be2 e6 7. g4 Qc7 8. g5 Nfd7 9. h4 b5 10. a3 Bb7 11. Be3 Be7 12. Qd2 Ne5 13. O-O-O Nbd7 14. Kb1 Nb6 15. Qe1 Nec4 16. Bxc4 Nxc4 17. Bc1 Rc8 18. Rh3 Qb6 19. h5 b4 20. axb4 Qxb4 21. f4 Na3+ 22. Ka1 Qxd4 23. Rxd4 Nxc2+ 24. Kb1 Nxe1 25. Rd1 Ng2 26. Rg3 Rxc3 27. bxc3 Bxe4+ 28. Kb2 Nh4 29. Rd4 Nf5 30. Rxe4 Nxg3 31. Rb4 Nxh5 32. Rb8+ Bd8 33. Be3 O-O 34. Ra8 a5 35. c4 Ng3 36. Ra6 Nf5 37. Bf2 h5 38. gxh6 gxh6 0-1


[Site "https://www.chess.com"]

[Event "Titled Tuesday Blitz October 11 Late 2022"]
[White "Izuzquiza Gonzalez, Javier"]
[Black "Aung Thant Zin"]
[WhiteFideId "3101029"]
[BlackFideId "13000063"]
[WhiteElo "2034"]
[BlackElo "2278"]
[Result "0-1"]
[Round "10"]
[TimeControl "180+1"]
[Date "2022.10.12"]
[WhiteClock "0:00:52"]
[BlackClock "0:01:46"]

1. d4 Nf6 2. c4 e6 3. Nf3 b6 4. g3 Ba6 5. Qc2 Be7 6. Bg2 c6 7. O-O O-O 8. Rd1 d5 9. b3 Nbd7 10. Nbd2 Rc8 11. e4 dxe4 12. Nxe4 Nxe4 13. Qxe4 Nf6 14. Qc2 Qc7 15. Bf4 Qb7 16. Ne5 Qa8 17. a3 Bb7 18. c5 Rfd8 19. Be4 bxc5 20. dxc5 Nxe4 21. Qxe4 Rd5 22. b4 Rcd8 23. Qf3 Bf6 24. Re1 Ba6 25. Rac1 Qc8 26. Ng4 Bb2 27. Rc2 Rd3 28. Re3 Rd1+ 29. Kg2 Bf1+ 30. Kg1 Bh3+ 0-1


[Site "https://www.chess.com"]

[Event "Titled Tuesday Blitz October 11 Late 2022"]
[White "Jean Louis, Marckens"]
[Black "Yurovskykh, Oleksandr"]
[WhiteFideId "11900270"]
[BlackFideId "14134020"]
[WhiteElo "2030"]
[BlackElo "2303"]
[Result "1-0"]
[Round "10"]
[TimeControl "180+1"]
[Date "2022.10.12"]
[WhiteClock "0:00:29"]
[BlackClock "0:00:10"]

1. d4 d5 2. c4 e6 3. Nc3 Nf6 4. Nf3 c5 5. dxc5 Bxc5 6. cxd5 Nxd5 7. Nxd5 exd5 8. a3 O-O 9. e3 Nc6 10. b4 Bb6 11. Bb2 Bg4 12. Be2 a6 13. O-O Bc7 14. h3 Bh5 15. Nd4 Qd6 16. g3 Bxe2 17. Qxe2 Ne5 18. Rfd1 Nc4 19. Bc3 g6 20. Qg4 h5 21. Qf3 Rad8 22. Ne2 Qe6 23. Rd3 Ne5 24. Bxe5 Bxe5 25. Rad1 Qxh3 26. Rxd5 Rxd5 27. Qxd5 Re8 28. Qxb7 Qg4 29. Qd7 Re6 30. Nf4 Bxf4 31. Qd8+ Kh7 32. Rd4 Qf5 33. Rxf4 Qb1+ 34. Kh2 Kg7 35. Qd4+ Kg8 36. Qd7 1-0


[Site "https://www.chess.com"]

[Event "Titled Tuesday Blitz October 11 Late 2022"]
[White "Jimenez, Joaquin"]
[Black "Ardila, Oscar Humberto"]
[WhiteFideId "109860"]
[BlackFideId "4404742"]
[WhiteElo "2163"]
[BlackElo "1898"]
[Result "1-0"]
[Round "10"]
[TimeControl "180+1"]
[Date "2022.10.12"]
[WhiteClock "0:00:44"]
[BlackClock "0:00:13"]

1. e4 e5 2. Nf3 Nf6 3. Nc3 Nc6 4. d4 exd4 5. Nxd4 Bb4 6. Nxc6 bxc6 7. Bd3 d5 8. e5 Nd7 9. e6 Qe7 10. O-O fxe6 11. Re1 O-O 12. Bd2 Qf7 13. f4 Bc5+ 14. Kh1 Nf6 15. Qf3 Bd7 16. Ne2 Rab8 17. Bc3 Bd6 18. Ng3 c5 19. Be5 c4 20. Bf1 Bc6 21. b3 Rb6 22. Bd4 Ra6 23. a4 Ne4 24. Nxe4 dxe4 25. Qc3 Bxf4 26. Bxc4 Bd5 27. Bxa6 Qh5 28. Qh3 Qg6 29. Be3 Be5 30. Rad1 Rf5 31. Be2 h5 32. c4 Bc6 33. Rf1 Be8 34. Kg1 Bf7 35. Rd8+ Kh7 36. Rdd1 Bd6 37. g4 Rxf1+ 38. Rxf1 Be5 39. Qxh5+ Qxh5 40. gxh5 Be8 1-0


[Site "https://www.chess.com"]

[Event "Titled Tuesday Blitz October 11 Late 2022"]
[White "Joubert, Dantelle"]
[Black "Stanisz, Patryk"]
[WhiteFideId "14310813"]
[BlackFideId "1123106"]
[WhiteElo "1507"]
[BlackElo "2069"]
[Result "1/2-1/2"]
[Round "10"]
[TimeControl "180+1"]
[Date "2022.10.12"]
[WhiteClock "0:00:07"]
[BlackClock "0:00:11"]

1. d4 d5 2. c4 c6 3. Nc3 Nf6 4. Nf3 e6 5. e3 Nbd7 6. Be2 dxc4 7. a4 a5 8. Bxc4 Bd6 9. O-O O-O 10. e4 e5 11. h3 Qe7 12. Re1 b6 13. Qe2 g6 14. Bg5 exd4 15. Nxd4 Bb7 16. Kh1 Ne5 17. f4 Nxc4 18. Qxc4 Ba6 19. Qxc6 Rfc8 20. Qxb6 Rcb8 21. Qc6 Rc8 22. Bxf6 Qxf6 23. e5 Bxe5 24. fxe5 Qxc6 25. Nxc6 Rxc6 26. Rad1 Bc4 27. Nd5 Kg7 28. Nf4 Rb8 29. Rd7 Be6 30. Nxe6+ Rxe6 31. Rd5 Rxb2 32. Rxa5 h5 33. Ra7 g5 34. Rf1 Rxe5 35. Raxf7+ Kg8 36. Rf8+ Kg7 37. R1f6 Re1+ 38. Kh2 Ree2 39. R6f7+ Kg6 40. Rf6+ Kg7 41. R6f7+ Kg6 42. Rf6+ Kg7 1/2-1/2


[Site "https://www.chess.com"]

[Event "Titled Tuesday Blitz October 11 Late 2022"]
[White "Kaganskiy, Gleb"]
[Black "Vivas Zamora, Fabian Ernesto"]
[WhiteFideId "4132025"]
[BlackFideId "3902480"]
[WhiteElo "2165"]
[BlackElo "2236"]
[Result "1-0"]
[Round "10"]
[TimeControl "180+1"]
[Date "2022.10.12"]
[WhiteClock "0:00:26"]
[BlackClock "0:00:18"]

1. e4 e5 2. Nf3 Nc6 3. Nc3 Nf6 4. d4 exd4 5. Nxd4 Nxe4 6. Nxe4 Qe7 7. Be2 Qxe4 8. Nb5 Bb4+ 9. Bd2 Qxg2 10. Rf1 Kd8 11. Bxb4 Nxb4 12. Qd2 a5 13. a3 Nc6 14. O-O-O Qxh2 15. Qg5+ Ne7 16. Qxg7 Re8 17. Qxf7 d6 18. Nxc7 Kxc7 19. Qxe8 Qe5 20. Rfe1 Qc5 21. Qxe7+ 1-0


[Site "https://www.chess.com"]

[Event "Titled Tuesday Blitz October 11 Late 2022"]
[White "Kamsky, Gata"]
[Black "Rustemov, Alexander"]
[WhiteFideId "2000024"]
[BlackFideId "4119002"]
[WhiteElo "2666"]
[BlackElo "2869"]
[Result "1/2-1/2"]
[Round "10"]
[TimeControl "180+1"]
[Date "2022.10.11"]
[WhiteClock "0:01:56"]
[BlackClock "0:01:55"]

1. e4 e6 2. d4 d5 3. exd5 exd5 4. Nf3 Bf5 5. Bd3 Bxd3 6. Qxd3 Nc6 7. O-O Bd6 8. Re1+ Nge7 9. Bg5 f6 10. Bh4 Qd7 11. Bg3 O-O 12. c3 Rae8 13. Nbd2 Nd8 14. Bxd6 Qxd6 15. Nh4 Qd7 16. g3 Nf7 17. Re3 Nd6 18. Rae1 g6 19. b3 Nef5 20. Nxf5 Nxf5 21. Rxe8 Rxe8 22. Rxe8+ Qxe8 23. Kf1 c6 24. Qe2 Qxe2+ 25. Kxe2 Kf7 26. Kd3 Ke6 27. c4 h5 28. c5 1/2-1/2


[Site "https://www.chess.com"]

[Event "Titled Tuesday Blitz October 11 Late 2022"]
[White "Kavutskiy, Konstantin"]
[Black "Rose, Felix"]
[WhiteFideId "2026384"]
[BlackFideId "5105722"]
[WhiteElo "2338"]
[BlackElo "2039"]
[Result "1-0"]
[Round "10"]
[TimeControl "180+1"]
[Date "2022.10.12"]
[WhiteClock "0:00:14"]
[BlackClock "0:00:03"]

1. d4 d5 2. c4 e6 3. Nf3 Nf6 4. Nc3 Be7 5. Bf4 O-O 6. e3 b6 7. Bd3 Bb7 8. O-O c5 9. dxc5 dxc4 10. Bxc4 Bxc5 11. Qe2 a6 12. a3 b5 13. Bd3 Qe7 14. e4 Nbd7 15. e5 Nd5 16. Nxd5 Bxd5 17. Bxh7+ Kxh7 18. Ng5+ Kg6 19. Qd3+ f5 20. exf6+ Kxf6 21. Rfe1 g6 22. Qc3+ e5 23. Rad1 b4 24. Qd3 Bc6 25. Rc1 Qd6 26. Qxd6+ Bxd6 27. Rxc6 exf4 28. Rxd6+ Kxg5 29. Rxd7 bxa3 30. bxa3 Rfd8 31. Rc7 Re8 32. Rec1 Rab8 33. R7c5+ Kh6 34. Rc6 a5 35. Ra6 Rb5 36. h3 Ree5 37. h4 Kh5 38. Rc7 Kxh4 39. Rxg6 Rb1+ 40. Kh2 Rh5 41. f3 Rb2 42. Rg4# 1-0


[Site "https://www.chess.com"]

[Event "Titled Tuesday Blitz October 11 Late 2022"]
[White "Kobla, Vishal"]
[Black "Tan, Ralph"]
[WhiteFideId "2078457"]
[BlackFideId "30966590"]
[WhiteElo "1972"]
[BlackElo "2059"]
[Result "0-1"]
[Round "10"]
[TimeControl "180+1"]
[Date "2022.10.12"]
[WhiteClock "0:00:04"]
[BlackClock "0:00:16"]

1. e4 e6 2. d4 d5 3. Nd2 Nf6 4. e5 Nfd7 5. Bd3 c5 6. c3 Nc6 7. Ne2 cxd4 8. cxd4 f6 9. exf6 Nxf6 10. O-O Bd6 11. Nf3 O-O 12. Bf4 Bxf4 13. Nxf4 Ne4 14. Qc1 Qd6 15. Ne2 Bd7 16. Qe3 Nf6 17. Ne5 Rae8 18. f4 Nb4 19. Bb1 Bb5 20. a3 Nc6 21. Rf2 Bxe2 22. Rxe2 Nh5 23. Qh3 g6 24. Nxg6 hxg6 25. Bxg6 Nxd4 26. Re5 Nf6 27. Rg5 Rf7 28. Bxf7+ Kxf7 29. Qh6 Nf5 30. Qg6+ Ke7 31. Re1 Ne4 32. Rxf5 Qc5+ 33. Kh1 Nf2+ 34. Kg1 Nh3+ 35. Kh1 Qg1+ 0-1


[Site "https://www.chess.com"]

[Event "Titled Tuesday Blitz October 11 Late 2022"]
[White "Korchmar, Vasiliy"]
[Black "Timmermans, Mark"]
[WhiteFideId "24131750"]
[BlackFideId "1026399"]
[WhiteElo "2370"]
[BlackElo "2460"]
[Result "0-1"]
[Round "10"]
[TimeControl "180+1"]
[Date "2022.10.11"]
[WhiteClock "0:00:01"]
[BlackClock "0:00:43"]

1. e4 e5 2. Nf3 Nc6 3. Bc4 Nf6 4. d3 Be7 5. Nc3 O-O 6. a4 d6 7. O-O Kh8 8. h3 Ng8 9. d4 exd4 10. Nxd4 Nxd4 11. Qxd4 Be6 12. Be3 a6 13. Rad1 Bf6 14. Qd3 Ne7 15. f4 Nc6 16. Bxe6 fxe6 17. Qc4 Qe7 18. e5 Bh4 19. exd6 cxd6 20. Bb6 d5 21. Qc5 Qf7 22. f5 d4 23. fxe6 Bf2+ 24. Kh1 Qxe6 25. Nd5 Rf3 26. Kh2 Qe5+ 27. Kh1 Qf5 28. Kh2 Bg3+ 29. Kg1 Rxf1+ 30. Rxf1 Bh2+ 31. Kxh2 Qxf1 32. Qd6 Qf7 33. Bc5 Rd8 0-1


[Site "https://www.chess.com"]

[Event "Titled Tuesday Blitz October 11 Late 2022"]
[White "Koziorowicz, Michal"]
[Black "Domingo Nunez, Ruben"]
[WhiteFideId "21809194"]
[BlackFideId "22245570"]
[WhiteElo "2220"]
[BlackElo "2406"]
[Result "1-0"]
[Round "10"]
[TimeControl "180+1"]
[Date "2022.10.11"]
[WhiteClock "0:01:56"]
[BlackClock "0:01:21"]

1. e4 g6 2. d4 Bg7 3. Nc3 c6 4. f4 d5 5. e5 f6 6. Nf3 Nh6 7. Be2 O-O 8. O-O Bg4 9. Qe1 c5 10. dxc5 Bxf3 11. Bxf3 e6 12. exf6 Qxf6 13. Nxd5 exd5 14. Bxd5+ Kh8 15. Bxb7 Nc6 16. Bxa8 Rxa8 17. c3 Nf5 18. Qf2 Qe6 19. Bd2 Qd5 20. Rad1 Qxa2 21. b4 Qc4 22. Qf3 Rc8 23. Rfe1 a5 24. Re4 Qb3 25. Rde1 h5 26. Re8+ Rxe8 27. Rxe8+ Kh7 28. Qxc6 axb4 29. cxb4 Bd4+ 30. Kh1 Qd1+ 31. Be1 Ne3 32. Qd7+ Kh6 33. Rxe3 1-0


[Site "https://www.chess.com"]

[Event "Titled Tuesday Blitz October 11 Late 2022"]
[White "Krzywda, Andrzej"]
[Black "Gardezi, Arsal"]
[WhiteFideId "1114565"]
[BlackFideId "30949521"]
[WhiteElo "2149"]
[BlackElo "1906"]
[Result "1-0"]
[Round "10"]
[TimeControl "180+1"]
[Date "2022.10.12"]
[WhiteClock "0:00:49"]
[BlackClock "0:01:03"]

1. e4 e6 2. d4 d5 3. Bd3 dxe4 4. Bxe4 Nf6 5. Bf3 Nbd7 6. Ne2 Bd6 7. Ng3 O-O 8. O-O c5 9. dxc5 Nxc5 10. Na3 a6 11. Nc4 Bc7 12. Bg5 Qe7 13. Nh5 Ncd7 14. Re1 h6 15. Bh4 g5 16. Nxf6+ Qxf6 17. Bg3 Bxg3 18. hxg3 Rb8 19. c3 b5 20. Nd6 Ne5 21. Ne4 Qg7 22. Qd6 Nxf3+ 23. gxf3 Bb7 24. Rad1 Bd5 25. Qxa6 Rfc8 26. a3 f5 27. Rxd5 exd5 28. Nf6+ Kh8 29. Nh5 Qh7 30. Qf6+ Kg8 31. Re7 Qh8 32. Qf7# 1-0


[Site "https://www.chess.com"]

[Event "Titled Tuesday Blitz October 11 Late 2022"]
[White "Lazavik, Denis"]
[Black "Hansen, Eric"]
[WhiteFideId "13515110"]
[BlackFideId "2606771"]
[WhiteElo "2437"]
[BlackElo "2568"]
[Result "1/2-1/2"]
[Round "10"]
[TimeControl "180+1"]
[Date "2022.10.11"]
[WhiteClock "0:00:06"]
[BlackClock "0:00:06"]

1. d4 Nf6 2. c4 e6 3. Nf3 d5 4. g3 Bb4+ 5. Bd2 Be7 6. Bg2 O-O 7. O-O c6 8. Bf4 Nbd7 9. Qc2 b6 10. cxd5 cxd5 11. Rc1 Bb7 12. Bc7 Qe8 13. Qb3 Ne4 14. Nc3 Nxc3 15. Rxc3 Nf6 16. Rc2 Rc8 17. Rac1 Ba6 18. Ne5 Ne4 19. Bxe4 dxe4 20. d5 exd5 21. Qxd5 Bc5 22. Rxc5 bxc5 23. Bd6 Qd8 24. Rd1 Bxe2 25. Bxf8 Qxd5 26. Rxd5 Kxf8 27. Rxc5 Rd8 28. Rc1 Rd2 29. Rb1 f6 30. Nc6 a6 31. Nb4 Kf7 32. a4 Rd4 33. Nc6 Rxa4 34. b4 Ra2 35. Nd4 Bd3 36. Rc1 Rb2 37. Rc7+ Kg6 38. g4 h5 39. h3 hxg4 40. hxg4 e3 41. fxe3 Rxb4 42. Kf2 Rb6 43. Kf3 a5 44. Kf4 Rb4 45. Kf3 Rb6 46. Kf4 Rb4 47. Kf3 Rb1 48. Ne6 Rf1+ 49. Kg3 f5 50. Nf4+ Kf6 51. Nxd3 Rd1 52. Nf4 g5 53. Rc5 gxf4+ 54. Kxf4 Rf1+ 55. Kg3 Rg1+ 56. Kf3 fxg4+ 57. Kf4 g3 58. Rxa5 g2 59. Kf3 Re1 60. Kxg2 Rxe3 61. Kf2 Re6 62. Ra3 Re5 63. Re3 Rf5+ 64. Rf3 Rxf3+ 65. Kxf3 1/2-1/2


[Site "https://www.chess.com"]

[Event "Titled Tuesday Blitz October 11 Late 2022"]
[White "Le Goff, Ronan"]
[Black "Rosen, Eric"]
[WhiteFideId "612073"]
[BlackFideId "2032562"]
[WhiteElo "2510"]
[BlackElo "2614"]
[Result "1-0"]
[Round "10"]
[TimeControl "180+1"]
[Date "2022.10.12"]
[WhiteClock "0:00:02"]
[BlackClock "0:00:03"]

1. d4 Nf6 2. Nf3 d5 3. c4 e6 4. e3 a6 5. Nbd2 b6 6. cxd5 exd5 7. Bd3 Bd6 8. Ne5 c5 9. Ndf3 O-O 10. O-O Bb7 11. b4 cxb4 12. a3 Qe7 13. axb4 Bxb4 14. Qb3 Nbd7 15. Ba3 Bxa3 16. Rxa3 b5 17. Rfa1 Nb6 18. R3a2 Nc4 19. h3 Rfc8 20. Qb1 g6 21. g3 Ne4 22. Bxe4 dxe4 23. Nxc4 exf3 24. Ne5 f6 25. Ng4 Kg7 26. d5 h5 27. Nh2 Bxd5 28. Rxa6 Rxa6 29. Rxa6 Qd7 30. e4 Bxe4 31. Qxe4 Rc1+ 32. Nf1 Qxh3 33. Qe7+ Kh6 34. Qf8+ Kg5 35. Qxf6+ Kg4 36. Qf4# 1-0


[Site "https://www.chess.com"]